 Dungeon Crawl Stone Soup version 0.18-a0-1626-g65af6d3 (webtiles) character file.

36 HandofTrog the Grave Robber (level 3, -2/24 HPs)
             Began as a Mummy Necromancer on Mar 24, 2016.
             Slain by a worm (13 damage)
             ... on level 2 of the Dungeon.
             The game lasted 00:28:05 (1484 turns).

HandofTrog the Grave Robber (Mummy Necromancer)     Turns: 1484, Time: 00:28:06

Health: -2/24      AC:  3    Str: 12    XL:     3   Next: 19%
Magic:  2/7        EV: 12    Int: 14    God:
Gold:   48         SH:  0    Dex: 12    Spells: 2 memorised, 4 levels left

rFire  x . .     SeeInvis .     d - +0 dagger
rCold  + . .     Gourm    .     a - +0 robe
rNeg   + + +     Faith    .     (no shield)
rPois  ∞         Spirit   .     f - +0 helmet
rElec  .         Dismiss  .     (no cloak)
rCorr  .         Reflect  .     (no gloves)
SustAt .         Harm     +     (no boots)
MR     .....                    i - amulet of harm
Stlth  +++.......               (no ring)
                                e - ring of stealth

@: not resistant to hostile enchantments, fairly stealthy
A: no food or potions, fire vulnerability, cold resistance 1, negative energy
resistance 3, torment resistance, unbreathing
a: no special abilities


You were on level 2 of the Dungeon.
You were not hungry.

You visited 1 branch of the dungeon, and saw 2 of its levels.

You collected 48 gold pieces.

Inventory:

Hand Weapons
 c - a +0 hunting sling
 d - a +0 dagger (weapon)
 n - a +0 great sword
 p - a cursed -3 mace
Missiles
 h - 22 arrows
Armour
 a - a +0 robe (worn)
 f - a +0 helmet (worn)
 g - a +0 scale mail
 j - a +0 ring mail
 o - a +0 buckler
Jewellery
 e - a ring of stealth (left hand)
 i - an amulet of harm (around neck)
 l - an uncursed ring of magical power {unknown}
Scrolls
 k - a scroll of enchant weapon {unknown}
 m - a scroll of identify {unknown}
Books
 b - a book of Necromancy

   Spells                             Type                      Level
   a - Pain                           Necromancy                   1
   b - Animate Skeleton               Necromancy                   1
   c - Vampiric Draining              Necromancy                   3
   d - Regeneration                   Charms/Necromancy            3
   e - Animate Dead                   Necromancy                   4
   f - Control Undead                 Necromancy                   4


   Skills:
 - Level 1.5 Dodging
 - Level 1.5 Stealth
 + Level 3.4 Spellcasting
 - Level 4.0 Necromancy


You had 4 spell levels left.
You knew the following spells:

 Your Spells              Type           Power        Failure   Level  Hunger
a - Pain                  Necr           ##..         4%          1    N/A
b - Vampiric Draining     Necr           ##........   14%         3    N/A

Dungeon Overview and Level Annotations

Branches:
Dungeon (2/15)

Altars:

Annotations:
D:2 Jessica


Innate Abilities, Weirdness & Mutations

You do not eat or drink.
Your flesh is vulnerable to fire.
You are immune to poison.
Your flesh is cold resistant.
You are immune to negative energy.
You are immune to unholy pain and torment.
You can survive without breathing.


Message History

Aiming: Pain
Press: ? - help, Shift-Dir - straight line, f/p - worm
Aim: a worm (moderately wounded, chance to defeat MR: 77%)
The worm convulses in agony!
Casting: Pain
Confirm with . or Enter, or press ? or * to list all spells.
You don't have enough magic to cast that spell.
You hit the worm.
The worm is heavily wounded.
Casting: Pain
Confirm with . or Enter, or press ? or * to list all spells.
You don't have enough magic to cast that spell.
Casting: Pain
Confirm with . or Enter, or press ? or * to list all spells.
You don't have enough magic to cast that spell.
You hit the worm.
The worm is severely wounded.
The worm bites you!
Ouch! That really hurt!
You die...

...... ...... #### ......##
##..# .......#### ##...#
#.#....#### #..#..
.####.........#### #.###.
.[......<........######.# ##
..K#####.##..##...)...##.###.
#..####.###@.#####..........
#.....).Kw#.# #####..##..
#####.###......####........
##.# ###.##.............
...#####.######.......†.
#...#.....####..........
##......................
............##...w.....>
.#........###.#........


You could see a worm and a kobold.

Vanquished Creatures
  An adder (D:2)
  A dart slug (D:1)
  2 giant geckos
  3 goblins
  2 hobgoblins (D:2)
  A kobold (D:2)
  2 quokkas (D:2)
  4 bats
  3 giant newts
  5 rats
24 creatures vanquished.

Notes
Turn   | Place    | Note
--------------------------------------------------------------
     0 | D:1      | HandofTrog the Mummy Necromancer began the quest for the Orb.
     0 | D:1      | Reached XP level 1. HP: 13/13 MP: 3/3
   278 | D:1      | Reached XP level 2. HP: 19/19 MP: 3/5
   987 | D:2      | Noticed Jessica
  1294 | D:2      | Reached XP level 3. HP: 21/24 MP: 5/7
  1427 | D:2      | Learned a level 3 spell: Vampiric Draining
  1484 | D:2      | Slain by a worm

Vault maps used:
D:1:      eino_arrival_tree_alley
D:2:      nemelex_altar_shiori, uniq_jessica

Skill      XL: |  1  2 |
---------------+-------+-----
Spellcasting   | 3 |  3.4
Dodging        | |  1.5
Stealth        | |  1.5
Necromancy     | |  4.0

Action                   || total
-------------------------++-------
Melee: Dagger            ||    74
 Cast: Pain              ||    23
 Stab: Sleeping          ||     3
